Steven, lawful male dwarven Archeologist # #### -|------.-- |.[[.[....| |%[...<...| #-...).....| #### ###|.........| --.-.- # -----...%.| |....| ### ------- |....| # |..>.-## |...g| |.T@.| |....| ------ Steven the Investigator Experience level: 9 Strength: 17 Dexterity: 15 Constitution: 17 Intelligence: 14 Wisdom: 16 Charisma: 7 Health: 0(76) Energy: 31(31) Def: 7 Gold: 1826 Moves: 9986 Dungeon seed: TOs_plRKenSSUlN- Game ID: Steven_1439932265 Your Inventory: Coins $ - 1826 gold pieces Weapons a - a +0 dwarvish mattock (weapon in hands) Armor e - an uncursed +1 helmet (being worn) r - an uncursed +0 studded leather armor (being worn) z - an uncursed +0 pair of jumping boots (being worn) N - an uncursed +0 cloak of displacement (being worn) Comestibles i - an uncursed sprig of wolfsbane w - an uncursed lembas wafer x - an uncursed tripe ration T - an uncursed lizard corpse Potions b - a cursed potion of levitation Wands k - a wand of striking (0:5) m - a wand of nothing (0:3) u - a wand of fire (0:4) L - a wand of striking (0:8) P - a cursed wand of undead turning (0:4) W - a wand of magic missile (0:2) X - a wand of make invisible (0:2) Y - a blessed wand of slow monster (0:4) Z - a wand of lightning (0:2) Tools g - an uncursed tin opener h - an uncursed oil lamp (0:1431) o - a blessed bag of holding p - an uncursed towel v - an uncursed lock pick Gems q - an uncursed touchstone Contents of the bag of holding: an uncursed +0 elven leather helm a cursed -1 pair of levitation boots an uncursed +0 studded leather armor 5 uncursed food rations an uncursed melon an uncursed orange an uncursed tin of jackal meat an uncursed tin of rock mole meat 5 uncursed tripe rations an uncursed scroll of create monster 2 uncursed scrolls of destroy armor a blessed scroll of earth an uncursed scroll of earth an uncursed scroll of gold detection 2 uncursed scrolls of light 3 uncursed scrolls of magic mapping a blessed scroll of punishment an uncursed scroll of remove curse an uncursed spellbook of confuse monster an uncursed spellbook of force bolt an uncursed spellbook of light a cursed potion of blindness an uncursed potion of gain ability 3 potions of holy water an uncursed potion of object detection an uncursed potion of speed a blessed +1 ring of adornment an uncursed ring of cold resistance an uncursed ring of free action a cursed ring of hunger an uncursed ring of protection from shape changers an uncursed ring of protection from shape changers an uncursed ring of searching a wand of digging (0:4) a wand of enlightenment (0:15) a wand of enlightenment (0:11) a wand of light (0:15) a wand of light (0:10) a wand of speed monster (0:5) a tinning kit (0:79) Spells and supernatural/magical abilities: Name Level Category Fail Memory a - force bolt 1 attack 38% 92% l - light 1 divination 38% 96% u - confuse monster 2 enchantment 53% 97% U - detect unseen 3 divination 100% 65% W - pray for help -- divine ? -- Y - supernatural jump -- ability ? -- Your skills at the end: Fighting Skills Weapon Skills pick-axe [Expert] whip [Basic] Spellcasting Skills Final Attributes: You were fervently aligned. You were cold resistant. You were poison resistant. You had infravision. You were displaced. You were stealthy. You could jump. You were fast. You are dead. Vanquished creatures: 3 giant mimics 5 small mimics a quantum mechanic a troll a gelatinous cube 2 gargoyles a human mummy 2 quivering blobs a winter wolf cub a panther a spotted jelly an orc-captain 2 giant spiders a horse a dwarf mummy 4 brown puddings a yeti a Green-elf 2 lizards a dog 2 dingos a housecat 4 ravens 2 gnome mummies 2 rope golems 4 fire ants 14 Uruk-hai 2 rock piercers a rock mole 2 ponies 2 fog clouds a yellow light a shrieker 5 gnome lords 3 gnomish wizards 2 red naga hatchlings a black naga hatchling a guardian naga hatchling 2 gray oozes 3 elf zombies a straw golem 3 giant ants 2 little dogs a kitten a homunculus a kobold lord a kobold shaman 7 hill orcs 5 rothes a monkey an orc zombie 2 wererats 2 werejackals an iguana 7 killer bees 4 coyotes a gas spore a hobgoblin 6 giant rats 5 cave spiders a brown mold 4 yellow molds a green mold a red mold 29 gnomes 17 garter snakes a gecko 8 jackals 4 kobolds 4 goblins 13 grid bugs 6 bats 4 lichens 9 newts 243 creatures vanquished. Voluntary challenges: You had been an atheist until turn 2083. You used a wielded weapon 379 times, starting on turn 1. You read items or engraved 39 times, starting on turn 414. You never genocided any monsters. You never polymorphed an object. You never changed form. You cheated in Sokoban 1 time, without finishing. You used no wishes. You split 3 puddings, starting on turn 7557. You wrote Elbereth's name 12 times, starting on turn 414. You never violated your personal moral code. Dungeon overview: The Dungeons of Doom: levels 1 to 14 Level 1 a fountain a long staircase Level 2 a fountain, a sink Level 3 a fountain stairs to The Gnomish Mines Level 4 Level 5 an altar to Huhetotl, some fountains Level 6 some fountains Level 7 a general store Level 8 many fountains Level 9 a fountain stairs to Sokoban Level 10 a general store Level 11 an altar to Quetzalcoatl Level 12 a fountain Level 13 <- You were here Level 14 The Gnomish Mines: levels 4 to 8 Level 4 stairs to The Dungeons of Doom Level 5 Level 6 Level 7 many shops, a temple to Camaxtli, some fountains Level 8 Sokoban: levels 5 to 8 Level 5 Level 6 Level 7 Level 8 stairs to The Dungeons of Doom History has recorded: On T:1 you entered the Dungeons of Doom to retrieve the Amulet of Yendor! On T:373 you reached level 2 of The Dungeons of Doom. On T:782 you advanced to experience level 2. On T:835 you reached level 3 of The Dungeons of Doom. On T:901 you reached level 4 of The Dungeons of Doom. On T:1156 you reached level 1 of The Gnomish Mines. On T:1236 you advanced to experience level 3. On T:1280 you advanced to experience level 4. On T:1355 you reached level 2 of The Gnomish Mines. On T:1433 you reached level 3 of The Gnomish Mines. On T:1478 you advanced to experience level 5. On T:1981 you reached level 4 of The Gnomish Mines. On T:2034 you reached level 5 of The Gnomish Mines. On T:2075 you advanced to experience level 6. On T:2640 you reached level 5 of The Dungeons of Doom. On T:3254 you reached level 6 of The Dungeons of Doom. On T:3559 you reached level 7 of The Dungeons of Doom. On T:3819 you reached level 8 of The Dungeons of Doom. On T:3840 you advanced to experience level 7. On T:4215 you reached level 9 of The Dungeons of Doom. On T:4423 you reached level 10 of The Dungeons of Doom. On T:4589 you reached level 4 of Sokoban. On T:5022 you reached level 3 of Sokoban. On T:5587 you reached level 2 of Sokoban. On T:6124 you advanced to experience level 8. On T:6446 you reached level 1 of Sokoban. On T:8604 you reached level 11 of The Dungeons of Doom. On T:8641 you reached level 12 of The Dungeons of Doom. On T:9088 you advanced to experience level 9. On T:9401 you reached level 13 of The Dungeons of Doom. On T:9955 you reached level 14 of The Dungeons of Doom. Score breakdown: Gold: 1826 ( 182 points) Experience: 9 levels ( 800 points) Exploration: 14 levels ( 390 points) Discoveries: 40 items ( 2000 points) Variety of kills: 74 monsters ( 2000 points) Major goal: (nothing yet) ( 0 points) Survival: died (score multiplied by 3) Total score: 16116 Latest messages: D - an uncursed wand of speed monster. k - an uncursed wand of striking. m - an uncursed zinc wand. o - an uncursed bag called Bag of Holding. p - an uncursed towel. Looking inside the bag called Bag of Holding, you see colored flashes. A towel lands on the altar. The troll swings his single-edged polearm. The troll hits! (2x) The troll bites! You die... Final status: Goodbye Steven the Archeologist, killed by a troll... You died in The Dungeons of Doom on dungeon level 13 with 16116 points, and 1826 pieces of gold, after 9986 moves. You were level 9 with a maximum of 76 hit points when you died.